 Dungeon Crawl Stone Soup version 0.28.0 (webtiles) character file.

Game seed: 800446136356424669

66313 Findor the Bludgeoner (level 15, -6/76 HPs)
             Began as a Gargoyle Gladiator on Feb 6, 2022.
             Was an Initiate of Gozag.
             Killed from afar by a thorn hunter (37 damage)
             ... with a volley of thorns
             ... on level 1 of the Swamp.
             The game lasted 00:40:58 (28437 turns).

Findor the Bludgeoner (Gargoyle Gladiator)         Turns: 28437, Time: 00:40:59

Health: -6/76      AC: 32    Str: 28    XL:     15   Next: 19%
Magic:  15/15      EV: 14    Int:  5    God:    Gozag
Gold:   901        SH: 17    Dex: 11    Spells: 14/14 levels left

rFire   + . .      SeeInvis .   b - +0 morningstar (vorpal)
rCold   . . .      Faith    .   S - +0 kite shield
rNeg    + . .      Spirit   .   H - +4 ring mail
rPois   ∞          Reflect  +   c - +0 helmet
rElec   +          Harm     .   w - +2 cloak
rCorr   .          Rampage  .   e - +0 pair of gloves
Will    ++...                   U - +1 pair of boots
Stlth   +.........              W - amulet of reflection
HPRegen 0.22/turn               O - ring of protection from fire
MPRegen 0.14/turn               I - ring "Roetufes" {Will+ Str+3 Int-4 Slay+4}

@: about to teleport, gold aura, flying
A: sickness immunity, AC +11, big wings, negative energy resistance 1,
electricity resistance, torment resistance 1, petrification resistance
a: Renounce Religion, Potion Petition, Call Merchant, Bribe Branch


You were on level 1 of the Swamp.
You worshipped Gozag.
Gozag was pleased with you.
You visited 4 branches of the dungeon, and saw 21 of its levels.

You collected 5853 gold pieces.
You spent 1239 gold pieces at shops.
You paid 3713 gold pieces to Gozag.


Innate Abilities, Weirdness & Mutations

You are immune to sickness and miasma.
Your stone body is resilient. (AC +11)
You are immune to poison.
Your large and strong wings let you fly.
You resist negative energy. (rN+)
You are resistant to electric shocks. (rElec)
You are resistant to unholy torment.
You are immune to petrification.


   Skills:
 - Level 2.1 Fighting
 - Level 16.0 Maces & Flails
 - Level 1.7 Throwing
 + Level 12.6 Armour
 + Level 10.2 Dodging
 + Level 12.6 Shields
 + Level 7.6 Evocations


You had 14 spell levels left.
You didn't know any spells.
Your spell library contained the following spells:

 Spells                   Type           Power      Damage    Failure   Level
 Animate Skeleton         Necr           0%         N/A       80%         1
 Freeze                   Ice            0%         1d3       80%         1
 Pain                     Necr           0%         1d4       80%         1
 Corpse Rot               Necr/Air       0%         N/A       91%         2
 Call Canine Familiar     Summ           0%         N/A       99%         3
 Conjure Flame            Conj/Fire      0%         6-21      99%         3
 Frozen Ramparts          Ice            0%         1d2       99%         3
 Ignite Poison            Fire/Tmut/Pois 0%         N/A       99%         3
 Portal Projectile        Hex/Tloc       0%         N/A       99%         3
 Vampiric Draining        Necr           0%         2d6       99%         3
 Dispel Undead            Necr           0%         3d6       100%        4
 Hailstorm                Conj/Ice       0%         3d3       100%        4
 Ice Form                 Ice/Tmut       0%         N/A       100%        4
 Leda's Liquefaction      Hex/Erth       0%         N/A       100%        4
 Sticky Flame             Conj/Fire      0%         2d3       100%        4
 Death Channel            Necr           0%         N/A       100%        6
 Simulacrum               Ice/Necr       0%         N/A       100%        6

Inventory:

Hand Weapons
 a - a +0 flail of draining
   (You took it off a gnoll on level 8 of the Dungeon)
 b - a +0 vorpal morningstar (weapon)
   (You took it off an orc warrior on level 7 of the Dungeon)
 x - the +2 hunting sling of Ubante {freeze, rElec Will+}
   (You found it on level 6 of the Lair of Beasts)

   Any ammunition fired from it freezes those it strikes, dealing additional
   cold damage.
   It can also slow down cold-blooded creatures.
   rElec:     It insulates you from electricity.
   Will:      It increases your willpower.
 z - the +1 long sword of Rikal {venom, rElec rPois rC- rCorr}
   (You found it on level 9 of the Dungeon)

   It poisons the flesh of those it strikes.
   rC:        It makes you vulnerable to cold.
   rElec:     It insulates you from electricity.
   rPois:     It protects you from poison.
   rCorr:     It protects you from acid and corrosion.
Missiles
 q - 4 curare-tipped darts
 y - 5 throwing nets (quivered) {!f}
Armour
 c - a +0 helmet (worn)
 e - a +0 pair of gloves (worn)
   (You found it on level 1 of the Dungeon)
 w - a +2 cloak (worn)
   (You found it on level 5 of the Dungeon)
 H - a +4 ring mail (worn)
   (You found it on level 8 of the Dungeon)
 S - a +0 kite shield (worn)
   (You found it on level 4 of the Lair of Beasts)
 U - a +1 pair of boots (worn)
   (You found it on level 6 of the Lair of Beasts)
Jewellery
 C - a ring of protection from fire
   (You took it off an orc wizard on level 7 of the Dungeon)
 I - the ring "Roetufes" (right hand) {Will+ Str+3 Int-4 Slay+4}
   (You bought it in a shop on level 1 of the Lair of Beasts)

   [ring of slaying]

   Str:       It affects your strength (+3).
   Int:       It affects your intelligence (-4).
   Slay:      It affects your accuracy & damage with ranged weapons and melee
   (+4).
   Will:      It increases your willpower.
 J - a +6 ring of dexterity
   (You found it on level 9 of the Dungeon)
 O - a ring of protection from fire (left hand)
   (You found it on level 7 of the Dungeon)
 W - an amulet of reflection (around neck)
   (You found it on level 5 of the Lair of Beasts)
Wands
 d - a wand of iceblast (2)
   (You found it on level 6 of the Lair of Beasts)
 n - a wand of mindburst (5)
   (You found it on level 5 of the Lair of Beasts)
 t - a wand of flame (41)
   (You found it on level 6 of the Dungeon)
 u - a wand of paralysis (6)
   (You found it on level 2 of the Lair of Beasts)
 v - a wand of digging (8)
   (You found it on level 5 of the Dungeon)
 L - a wand of polymorph (5)
   (You found it on level 1 of the Lair of Beasts)
Scrolls
 f - 3 scrolls of vulnerability {!r}
 g - 2 scrolls of enchant weapon
 h - 3 scrolls of immolation {!r}
 j - a scroll of silence {unknown}
 k - 2 scrolls of blinking
 l - 2 scrolls of fog
 o - 3 scrolls of magic mapping
 r - 2 scrolls of enchant armour
 D - 4 scrolls of teleportation {@r4}
 G - a scroll of fear {unknown}
 M - 2 scrolls of identify {@r1}
 P - a scroll of brand weapon
Potions
 i - a potion of magic
 m - 4 potions of haste {@q3}
 p - a potion of cancellation {unknown}
 s - 2 potions of attraction {unknown}
 A - 4 potions of curing {@q1}
 B - 2 potions of might
 E - 2 potions of resistance
 F - 3 potions of invisibility
 K - 5 potions of mutation {!q}
 N - a potion of berserk rage {unknown}
 Q - 3 potions of heal wounds {@q2}
 R - a potion of brilliance {unknown}
 T - 3 potions of lignification {unknown}


Message History

The eight-headed hydra bites you but does no damage. x2
You block the eight-headed hydra's attack.
The eight-headed hydra bites you but does no damage.
The eight-headed hydra barely misses you.
The eight-headed hydra misses you. The eight-headed hydra bites you.
The eight-headed hydra misses you. The wraith barely misses you.
Josephine the Decaying Necromancer comes into view.
She is wielding a +0 dagger.
As you read the scroll of teleportation {@r4}, it crumbles to dust.
You feel strangely unstable.
Josephine shouts!
You block the spriggan's attack.
The thorn hunter fires a volley of thorns at you.
The volley of thorns hits you!
* * * LOW HITPOINT WARNING * * *
You block the eight-headed hydra's attack.
The eight-headed hydra bites you but does no damage. x2
The eight-headed hydra completely misses you.
The eight-headed hydra bites you but does no damage.
You block the eight-headed hydra's attack.
The eight-headed hydra misses you.
The eight-headed hydra bites you but does no damage.
The wraith hits you but does no damage. The wraith barely misses you.
Unknown command.
Unknown command.
You barely miss the wraith. The spriggan barely misses you.
Josephine is distracted by your dazzling golden aura.
You block the eight-headed hydra's attack. x3
The eight-headed hydra bites you but does no damage. x3
The eight-headed hydra closely misses you.
The eight-headed hydra barely misses you.
You block the wraith's attack. The wraith barely misses you.
You closely miss the wraith. You block the wraith's attack.
The thorn hunter fires a volley of thorns at you.
The volley of thorns misses you.
The volley of thorns hits the wraith!
The spriggan is distracted by your dazzling golden aura.
The eight-headed hydra misses you.
You block the eight-headed hydra's attack.
The eight-headed hydra bites you but does no damage.
You block the eight-headed hydra's attack.
The eight-headed hydra bites you but does no damage.
The eight-headed hydra misses you.
The eight-headed hydra bites you but does no damage. x2
You block the wraith's attack.
Josephine shouts!
The spriggan shouts!
You sock the wraith!
The thorn hunter gestures.
The thorn hunter fires a volley of thorns at you.
The volley of thorns hits you!!!
You die...
Your body crumbles into a pile of gold.

♣♣..≈≈.[♣♣♣ ♣♣<.≈.≈≈♣♣ ..
♣...≈≈≈♣♣ .♣ ♣.≈♣>♣♣♣ ..
♣.≈♣♣≈♣ @♣ ♣♣..♣≈♣♣♣♣♣♣♣♣.♣
♣ ♣§.[♣♣♣.♣......♣P♣♣.♣♣ ♣♣
♣♣[≈♣♣ ♣♣PPPWW...PP...♣
.♣♣♣♣≈≈.♣♣ ♣PPfP@Wi≈.PP.≈.♣
≈≈♣♣≈≈.≈≈♣ ♣...DPi≈≈≈PP≈..♣
.♣♣♣.≈≈.♣♣♣♣♣.≈PPD≈≈≈≈≈≈...
.♣♣....♣♣≈.♣...PP≈≈≈≈≈≈§≈.♣
..♣...♣♣♣≈≈♣...PP≈≈≈≈≈≈≈..♣
$
♣......♣..≈♣♣..≈≈≈≈>≈≈≈≈≈..
♣.≈≈.≈....≈♣♣..§≈≈≈≈≈≈≈≈...
♣.≈).≈≈.≈≈♣♣♣.≈≈≈≈≈≈≈≈≈≈≈..
♣≈≈)))≈♣≈≈♣ ..≈≈≈≈≈≈≈≈≈≈≈..


You could see a thorn hunter, an eight-headed hydra, Josephine, a swamp dragon,
a spriggan druid, 3 wraiths and a spriggan.

Vanquished Creatures
  A bunyip (Swamp:1)
  A dire elephant (Lair:6)
  Snorg (Lair:3)
  A fire dragon (Lair:6)
  4 hydras
  2 boulder beetles
  A spriggan air mage (Swamp:2)
  A catoblepas (Lair:6)
  A centaur warrior (D:11)
  An alligator (Swamp:1)
  6 two-headed ogres
  20 death yaks
  2 goliath frogs (Swamp:1)
  2 swamp dragons
  A bog body (Swamp:1)
  A lindwurm (Lair:6)
  2 spriggan druids (Swamp:1)
  An ugly thing (D:12)
  3 manticores
  A cyclops (D:11)
  A will-o-the-wisp (Swamp:1)
  Maurice (D:9)
  7 black mambas
  11 elephants
  Joseph (D:9)
  A torpor snail (Lair:6)
  2 gargoyles (D:12)
  A kobold demonologist (D:10)
  7 cane toads
  6 rime drakes
  An efreet (D:10)
  11 komodo dragons
  5 trolls
  3 polar bears
  3 dream sheep (Lair:6)
  A hornet (Swamp:1)
  17 blink frogs
  8 slime creatures
  26 yaks
  3 spriggans (Swamp:1)
  A shadow (D:10)
  5 wyverns
  8 basilisks
  6 vampire mosquitoes
  A steam dragon (Lair:6)
  2 swamp worms (Swamp:1)
  Duvessa (D:7)
  17 water moccasins
  3 orc warriors
  An ice beast (D:7)
  3 hornet zombies
  3 swamp drakes (Lair:6)
  A sky beast (D:8)
  2 black bears
  4 ogres
  A necrophage (D:6)
  8 centaurs
  A kobold brigand (D:10)
  10 bullfrogs
  A scorpion (D:5)
  A water moccasin skeleton (D:6)
  9 wights
  Dowan (D:7)
  12 killer bees
  10 howler monkeys
  An electric eel (Lair:4)
  12 jellies (Lair:6)
  2 centaur zombies
  3 gnoll shamans
  2 orc priests (D:12)
  4 hounds
  3 orc wizards
  9 hell rats
  9 iguanas
  A killer bee zombie (D:7)
  A hound skeleton (D:4)
  A howler monkey zombie (D:10)
  Robin (D:3)
  16 gnolls
  5 adders
  A howler monkey skeleton (D:5)
  A river rat (D:10)
  A shadow imp (D:5)
  2 ufetubi (D:5)
  2 dart slugs
  3 worms
  30 orcs
  5 ball pythons
  9 endoplasms
  7 giant cockroaches
  12 hobgoblins
  2 jackals (D:3)
  8 kobolds
  9 quokkas
  7 bats
  3 frilled lizards
  9 goblins
  8 rats
  A briar patch (Swamp:1)
471 creatures vanquished.

Vanquished Creatures (others)
  4 foxfires (Swamp:1)
  31 fungi
  61 plants
96 creatures vanquished.

Grand Total: 567 creatures vanquished

Notes
Turn   | Place    | Note
-------+----------+-------------------------------------------
     0 | D:1      | Findor the Gargoyle Gladiator began the quest for the Orb.
     0 | D:1      | Reached XP level 1. HP: 12/12 MP: 1/1
   121 | D:1      | Reached XP level 2. HP: 14/17 MP: 2/2
   517 | D:1      | Reached skill level 4 in Maces & Flails
   665 | D:1      | Reached XP level 3. HP: 21/21 MP: 3/3
  1491 | D:2      | Found an ornate altar of the Wu Jian Council.
  1785 | D:2      | Reached XP level 4. HP: 26/26 MP: 4/4
  1858 | D:2      | Found a faded altar of an unknown god.
  2072 | D:2      | Reached skill level 5 in Maces & Flails
  2513 | D:3      | Noticed Robin
  2532 | D:3      | Killed Robin
  2685 | D:3      | Found a broken altar of Ashenzari.
  2689 | D:3      | Saw a vision of the Swamp and the Snake Pit.
  2689 | D:3      | Noticed a naga
  2689 | D:3      | Noticed a black mamba
  2689 | D:3      | Noticed a black mamba
  2689 | D:3      | Noticed a naga
  2690 | D:3      | Noticed a naga
  2735 | D:3      | Reached XP level 5. HP: 22/30 MP: 5/5
  3075 | D:3      | Found a glowing silver altar of Zin.
  3221 | D:3      | Reached skill level 6 in Maces & Flails
  3265 | D:3      | Noticed Sigmund
  3736 | D:4      | Found a staircase to the Ecumenical Temple.
  3788 | Temple   | Entered the Ecumenical Temple
  4032 | D:4      | Noticed an ogre
  4034 | D:4      | Noticed an ogre
  4035 | D:4      | Noticed a black bear
  4052 | D:3      | Killed an ogre
  4053 | D:3      | Reached XP level 6. HP: 8/35 MP: 6/6
  4326 | D:4      | Killed a black bear
  4327 | D:4      | Reached skill level 7 in Maces & Flails
  4331 | D:4      | HP: 4/35 [ogre (11)]
  4336 | D:4      | Reached XP level 7. HP: 2/40 MP: 7/7
  4892 | D:4      | Found a shimmering blue altar of Sif Muna.
  5187 | D:5      | Entered Level 5 of the Dungeon
  5223 | D:5      | Reached skill level 8 in Maces & Flails
  5321 | D:5      | Found an opulent altar of Gozag.
  5356 | D:5      | Found a glowing golden altar of the Shining One.
  5377 | D:5      | Became a worshipper of Gozag Ym Sagoz the Greedy
  5488 | D:5      | Identified the +2 robe "Gidysh" {rF++ MP-9 Int-4 Stlth+}
  6177 | D:3      | Found a snail-covered altar of Cheibriados.
  6284 | D:6      | HP: 1/40 [ogre (9)]
  6594 | D:6      | Reached skill level 1 in Armour
  6594 | D:6      | Reached skill level 1 in Shields
  6752 | D:6      | Reached XP level 8. HP: 23/44 MP: 8/8
  7017 | D:6      | Reached skill level 3 in Dodging
  7036 | D:6      | HP: 6/44 [ogre (3)]
  7039 | D:6      | Reached skill level 9 in Maces & Flails
  7811 | D:7      | Reached skill level 3 in Armour
  7811 | D:7      | Reached skill level 3 in Shields
  8024 | D:7      | Reached XP level 9. HP: 19/48 MP: 9/9
  8316 | D:7      | Reached skill level 10 in Maces & Flails
  8350 | D:7      | Noticed Dowan
  8358 | D:7      | Noticed Duvessa
  8375 | D:7      | Killed Duvessa
  8385 | D:7      | Killed Dowan
  9036 | D:7      | Identified the +0 robe "Puunarph" {Will+ rCorr}
  9234 | D:7      | Found a white marble altar of Elyvilon.
  9237 | D:7      | Found an iron altar of Okawaru.
  9238 | D:7      | Found a blossoming altar of Fedhas.
  9239 | D:7      | Found a sparkling altar of Nemelex Xobeh.
  9375 | D:8      | Noticed a two-headed ogre
  9385 | D:8      | Killed a two-headed ogre
  9771 | D:8      | Reached skill level 11 in Maces & Flails
  9771 | D:8      | Reached XP level 10. HP: 42/53 MP: 10/10
 10337 | D:8      | Found a bloodstained altar of Trog.
 10607 | D:9      | Noticed Maurice
 10623 | D:9      | Killed Maurice
 10624 | D:9      | Reached skill level 6 in Armour
 10624 | D:9      | Reached skill level 6 in Shields
 10793 | D:9      | Identified the +1 long sword of Rikal {venom, rElec rPois
                  | rC- rCorr}
 10796 | D:9      | Noticed a boulder beetle
 10832 | D:10     | Entered Level 10 of the Dungeon
 10926 | D:10     | Noticed a two-headed ogre
 10933 | D:10     | Killed a two-headed ogre
 11004 | D:10     | Found a staircase to the Orcish Mines.
 11025 | D:10     | Noticed a death yak
 11042 | D:10     | Noticed a death yak
 11046 | D:10     | Noticed a death yak
 11060 | D:10     | Killed a death yak
 11061 | D:10     | Reached skill level 12 in Maces & Flails
 11068 | D:10     | Killed a death yak
 11069 | D:10     | Reached XP level 11. HP: 40/57 MP: 11/11
 11075 | D:10     | Killed a death yak
 11076 | D:10     | Reached skill level 6 in Dodging
 11076 | D:10     | Noticed a two-headed ogre
 11088 | D:10     | Found a staircase to the Lair.
 11102 | D:10     | Killed a two-headed ogre
 11588 | D:10     | Found a stormy altar of Qazlal.
 12092 | D:10     | Noticed a sun demon
 12449 | D:9      | Noticed a two-headed ogre
 12462 | D:9      | Killed a two-headed ogre
 12577 | D:9      | Found a shimmering altar of Xom.
 12685 | D:9      | Noticed Joseph
 12697 | D:9      | Reached skill level 13 in Maces & Flails
 12714 | D:9      | Killed Joseph
 12987 | D:9      | Killed a boulder beetle
 13103 | D:11     | Noticed a centaur warrior
 13523 | D:11     | Found Fakhoff's Weapon Shop.
 13538 | D:11     | Noticed a cyclops
 13556 | D:11     | Noticed a boulder beetle
 13711 | D:11     | Noticed a two-headed ogre
 13859 | D:10     | HP: 5/57 [slime creature (10)]
 14050 | D:10     | Reached XP level 12. HP: 52/62 MP: 12/12
 14105 | Lair:1   | Entered Level 1 of the Lair of Beasts
 14545 | Lair:1   | HP: 8/62 [yak (12)]
 14557 | Lair:1   | Reached skill level 14 in Maces & Flails
 14569 | Lair:1   | Reached skill level 1 in Evocations
 14572 | Lair:1   | Reached skill level 9 in Shields
 14710 | Lair:1   | HP: 12/62 [blink frog (10)]
 14725 | Lair:1   | Reached skill level 9 in Armour
 16481 | Lair:2   | Found a runed translucent gate.
 16482 | Lair:2   | Found a runed translucent gate.
 16483 | Lair:2   | Found a runed translucent gate.
 16561 | Lair:2   | Identified the +7 rapier "Jussamep" {elec, Drain +Blink
                  | rPois Int+8}
 16914 | Lair:2   | Noticed Huxoxzufuz's ghost (journeyman GnFi)
 17613 | Lair:3   | Found a staircase to the Swamp.
 17625 | Lair:3   | Reached skill level 3 in Evocations
 17755 | Lair:3   | Found a staircase to the Snake Pit.
 17814 | Lair:3   | Noticed Snorg
 17994 | Lair:3   | Reached XP level 13. HP: 66/66 MP: 13/13
 18086 | Lair:3   | Killed Snorg
 18148 | Lair:3   | Reached skill level 15 in Maces & Flails
 20645 | Lair:5   | Acquired 742 gold pieces
 21050 | Lair:6   | Entered Level 6 of the Lair of Beasts
 21112 | Lair:6   | HP: 7/66 [death yak (20)]
 22159 | Lair:6   | Found a staircase to the Slime Pits.
 22474 | Lair:6   | Gained mutation: Your large and strong wings let you fly.
                  | [Gargoyle growth]
 22474 | Lair:6   | Reached XP level 14. HP: 67/72 MP: 14/14
 22499 | Lair:6   | Reached skill level 16 in Maces & Flails
 22521 | Lair:6   | Reached skill level 9 in Dodging
 24104 | Lair:6   | Identified the +2 hunting sling of Ubante {freeze, rElec
                  | Will+}
 24368 | Lair:6   | Reached skill level 6 in Evocations
 24991 | Lair:6   | Noticed a dire elephant
 25398 | Lair:6   | Killed a dire elephant
 25450 | Lair:6   | Identified the +3 leather armour of Hedonism {+Blink Str+3}
 25660 | Lair:1   | Bought the ring "Roetufes" {Will+ Str+3 Int-4 Slay+4} for
                  | 1239 gold pieces
 26023 | D:11     | Reached skill level 12 in Armour
 26195 | D:12     | Reached skill level 12 in Shields
 27272 | Swamp:1  | Entered Level 1 of the Swamp
 27816 | Swamp:1  | Reached XP level 15. HP: 58/76 MP: 15/15
 28426 | Swamp:1  | Noticed a thorn hunter
 28433 | Swamp:1  | Noticed Josephine
 28437 | Swamp:1  | Killed from afar by a thorn hunter

Levels and vault maps discovered:
D:1:      elethiomel_arrival_quiet, layout_basic
D:2:      layout_basic, hellmonk_ecumenical_altar_pennies_from_heaven,
          basic_altar
D:3:      layout_rooms, marbit_many_paths, mainiacjoe_overflow_24_doors,
          grunt_ashenzari_visionary [grunt_ashenzari_visionary_swamp,
          grunt_ashenzari_visionary_snake], uniq_sigmund, uniq_robin
D:4:      layout_loops_cross, general_overflow_altar, minmay_temple_entry_fiery
D:5:      layout_basic, overflow_temple_1_default,
          nicolae_tso_swordbearing_angel, minmay_misc_feat_encased
D:6:      layout_basic, nicolae_zen_rock_garden
D:7:      layout_loops_ring, mainiacjoe_overflow_alcove_3,
          minmay_tree_intersection, uniq_duvessa
D:8:      layout_rooms, trog_book, minmay_misc_feat_iff
D:9:      layout_roguey, tgw_xom, uniq_joseph, uniq_maurice
D:10:     layout_roguey, mainiacjoe_overflow_small_starburst,
          dpeg_lair_monsters, minivault_19
D:11:     layout_cross, serial_shops, shop_fountains
D:12:     layout_irregular_city
Temple:   jpeg_temple_island
Lair:1:   layout_long_grid, wad_woods_river_01
Lair:2:   layout_cave_pods, gammafunk_ghost_icy
Lair:3:   layout_concentric_octagons, minmay_swamp_entry_reptiles,
          minmay_snake_entry_six_corridors, uniq_snorg
Lair:4:   layout_gridlike, chequers_serial_rivers_micro_b,
          grunt_forest_small_clearing_treed, grunt_megastairs_4
Lair:5:   layout_loops_ring
Lair:6:   guppyfry_lair_end_dragon, layout_regular_city,
          hangedman_lair_in_review, minmay_slime_entry_jelly_boxes,
          lemuel_fruit_tree
Swamp:1:  nicolae_swamp_ascending_descending_big, layout_falls_marsh,
          basic_altar, uniq_josephine
Swamp:2:  layout_basic_swamp, serial_swamp_ruin, evilmike_swamp_ruin_rubble_1,
          evilmike_swamp_ruin_house_1, evilmike_swamp_ruin_house_6, swamp_pool2,
          infiniplex_staircase_pool

Action                   |  1- 3 |  4- 6 |  7- 9 | 10-12 | 13-15 || total
-------------------------+-------+-------+-------+-------+-------++-------
Melee: Flail             |   143 |   175 |   376 |   950 |       ||  1644
       Punch             |     2 |     2 |     1 |       |       ||     5
       Morningstar       |       |       |    81 |    52 |  1096 ||  1229
Invok: Potion Petition   |       |       |       |     2 |     3 ||     5
       Call Merchant     |       |       |       |       |     1 ||     1
Evoke: Wand              |       |       |     5 |    10 |    10 ||    25
  Use: Potion            |       |     1 |     1 |     3 |       ||     5
       Scroll            |       |       |    13 |     6 |     9 ||    28
 Stab: Distracted        |       |       |       |     5 |     5 ||    10
       Invisible         |       |       |       |       |     5 ||     5
Armor: Leather armour    |    53 |       |       |       |       ||    53
       Scale mail        |    40 |    96 |   135 |       |       ||   271
       Chain mail        |       |       |   144 |    28 |       ||   172
       Ring mail         |       |       |       |   395 |   378 ||   773
       Skin              |       |       |       |       |    15 ||    15
Dodge: Dodged            |   126 |    92 |   177 |   480 |   431 ||  1306
Block: Buckler           |       |       |    59 |   221 |    50 ||   330
       Kite shield       |       |       |       |       |   695 ||   695
       Reflection        |       |       |       |       |    18 ||    18
